AoeStats
← Navix de los Bosques de Lituania

Arabia

506575996Analyzed
3v3 RM · 17d ago on Sep 14, 2026· 15m 28s· 6 players
Game mode
Random Map
Map size
Normal (6 player)
Population
200
Speed
Normal
Resources
Standard
Victory
Conquest
Starting age
Dark Age
Ending age
Imperial Age
RankedLock teamsTeams togetherTeam positionsShared explorationLock speedFull tech treeHidden civsTurbo modeCheats
Victory
Defeat
🇨🇴 Slavs · Colombia
732
+11
707
+12
🇦🇺 Bohemians · Australia
699
+12
🇧🇷 Sicilians · Brazil
657
-13
🇺🇸 Khmer · United States
614
-12
🇲🇽 Ethiopians · Mexico
571
-10
radwan_suhaib
5:12 Loom
Ironkinghard
12:41 Feudal Age
14:25 Wheelbarrow
malyuyu
0:37 Loom
16:14 Feudal Age
Navix de los Bosques de Lituania
4:27 Loom
11:12 Feudal Age
11:20 Man-at-Arms
11:45 Arson
12:32 Long Swordsman
13:45 Scale Mail Armor
Derzer
8:17 Loom
10:21 Feudal Age
13:18 Man-at-Arms
THENEYK
11:25 Feudal Age
16:39 Castle Age
Connection lost

Rejoining the realm…

Still unreachable

The connection could not be restored.

Session expired

The server has moved on; the page needs a fresh start.